 Dungeon Crawl Stone Soup version 0.31-a0-1001-g770356a (webtiles) character file.

Game seed: 5086949653037657548

521035 EngineV8 the Devastator (level 26, -2/184 HPs)
             Began as a Human Brigand on Nov 7, 2023.
             Was the Champion of Wu Jian.
             Slain by a green draconian monk (3 damage)
             ... led by a purple draconian shifter
             ... on level 1 of the Realm of Zot on Nov 8, 2023.
             The game lasted 04:30:57 (63205 turns).

EngineV8 the Devastator (Human Brigand)            Turns: 63205, Time: 04:30:57

Health: -2/184     AC: 17    Str: 15    XL:     26   Next: 57%
Magic:  0/45       EV: 20    Int: 23    God:    Wu Jian [******]
Gold:   2188       SH:  0    Dex: 17    Spells: 0/61 levels left

rFire   + + .        b - +3 Elemental Staff {ele, rElec rF+ rC+ AC+3}
rCold   + . .        A - crystal ball of Wucad Mu {*channel}
rNeg    + . .        H - +2 robe of a bailey {rElec Will+ Int+3}
rPois   .            U - +2 hat of the Bear Spirit {Spirit, Bear, *Rage Will++}
rElec   +            c - +1 cloak of Starlight {*Dazzle EV+4 Stlth--}
rCorr   +            X - +2 pair of gloves
SInv    +            q - +2 pair of boots {Fly}
Will    ++++.        u - amulet "Biclofoi" {RegenMP Slay+3}
Stlth   ++++         x - ring "Itieb" {rF+ rN+ Str+2 SInv}
HPRegen 0.50/turn    P - ring of resist corrosion
MPRegen 0.69/turn

%: random rage (20%), guardian spirit, channel magic (40%)
@: lethally poisoned (-2 -> -9), flying, studying Staves
A: no striking features
}: 3/15 runes: decaying, slimy, gossamer
a: Renounce Religion, Wall Jump, Serpent's Lash, Heavenly Storm


You were on level 1 of the Realm of Zot.
You worshipped Wu Jian.
Wu Jian was exalted by your worship.
You visited 10 branches of the dungeon, and saw 47 of its levels.
You visited 1 bazaar.
You also visited: Ossuary, Bailey and Desolation.

You collected 6004 gold pieces.
You spent 3816 gold pieces at shops.

Inventory:

Hand Weapons
 a - the +9 short sword of Nightmares {freeze, +Blink rN+}
   (You found it on level 1 of the Vaults)

   rN+:       It protects you from negative energy.
   +Blink:    It lets you blink.
 b - the +3 Elemental Staff (weapon) {ele, rElec rF+ rC+ AC+3}
   (You found it in a bailey)

   AC+3:      It affects your AC (+3).
   rF+:       It protects you from fire.
   rC+:       It protects you from cold.
   rElec:     It insulates you from electricity.
Missiles
 d - 4 darts of dispersal
 e - a curare-tipped dart (quivered) {!f}
Armour
 c - the +1 cloak of Starlight (worn) {*Dazzle EV+4 Stlth--}
   (You found it in the Desolation of Salt)

   *Dazzle:   It may blind those who miss an attack against the wearer in melee
   combat.
   EV+4:      It affects your evasion (+4).
   Stlth--:   It makes you much less stealthy.
 q - a +2 pair of boots of flying (worn)
 A - the crystal ball of Wucad Mu (worn) {*channel}
   (You took it off a deep elf elementalist on level 3 of the Elven Halls)

   *Channel:  It often returns the magic spent to cast spells, but lowers their
   success rate.
   It always returns the magic spent on miscasts.
 H - the +2 robe of a bailey (worn) {rElec Will+ Int+3}
   (You found it on level 3 of the Dungeon)

   Int+3:     It affects your intelligence (+3).
   rElec:     It insulates you from electricity.
   Will+:     It increases your willpower.
 U - the +2 hat of the Bear Spirit (worn) {Spirit, Bear, *Rage Will++}
   (You found it in the Desolation of Salt)

   Bear:      Going berserk makes the wearer exceptionally tough, and they are
   slowed for a shorter time afterward.
   Will++:    It greatly increases your willpower.
   *Rage:     It berserks you when you make melee attacks (+20% chance).
 X - a +2 pair of gloves (worn)
Jewellery
 u - the amulet "Biclofoi" (around neck) {RegenMP Slay+3}
   (You found it in the Desolation of Salt)

   [amulet of magic regeneration]

   RegenMP:   It increases your rate of magic regeneration.
   Slay+3:    It affects your accuracy & damage with ranged weapons and melee
   (+3).
 w - the ring of the Tortoise {AC+8}
   (You found it on level 1 of the Depths)

   [ring of protection]

   AC+8:      It affects your AC (+8).
 x - the ring "Itieb" (left hand) {rF+ rN+ Str+2 SInv}
   (You bought it in a shop on level 2 of the Orcish Mines)

   [ring of positive energy]

   Str+2:     It affects your strength (+2).
   rF+:       It protects you from fire.
   rN+:       It protects you from negative energy.
   SInv:      It lets you see invisible.
 P - a ring of resist corrosion (right hand)
Wands
 p - a wand of flame (73)
 G - a wand of mindburst (48)
 I - a wand of polymorph (33)
 K - a wand of light (40)
 L - a wand of digging (11)
 M - a wand of iceblast (84)
 R - a wand of charming (2)
Scrolls
 h - 4 scrolls of fear
 i - 6 scrolls of summoning
 j - 7 scrolls of immolation
 y - 5 scrolls of blinking
 B - 13 scrolls of fog
 C - 13 scrolls of teleportation
 E - a scroll of vulnerability
 O - 6 scrolls of enchant armour
 Q - 4 scrolls of revelation
Potions
 g - 10 potions of attraction
 k - 9 potions of enlightenment
 l - 17 potions of mutation
 n - 7 potions of berserk rage {!q}
 o - 6 potions of cancellation {!q}
 r - 6 potions of might
 s - 2 potions of haste
 v - a potion of lignification
 z - 16 potions of curing
 D - 6 potions of ambrosia {!q}
 F - 6 potions of heal wounds
 N - 9 potions of brilliance
 S - 2 potions of resistance
 T - 7 potions of magic
 Y - 5 potions of invisibility
Miscellaneous
 f - a condenser vane
 m - a phantom mirror
 J - a box of beasts
 W - a phial of floods


   Skills:
 - Level 10.0 Fighting
 - Level 8.0 Short Blades
 - Level 3.0 Throwing
 - Level 8.0 Dodging
 - Level 15.0 Stealth
 - Level 4.0 Shields
 + Level 18.3 Spellcasting
 + Level 20.6 Conjurations
 - Level 8.0 Hexes
 - Level 10.0 Transmutations
 + Level 20.3 Fire Magic
 * Level 8.2 Air Magic
 - Level 10.0 Earth Magic
 - Level 5.0 Poison Magic
 - Level 10.0 Evocations


You couldn't memorise any spells.
You knew the following spells:

 Your Spells              Type           Power      Damage    Failure   Level
a - Poisonous Vapours     Pois/Air       100%       N/A       2%          2
d - Ensorcelled Hibernat  Hex/Ice        100%       N/A       4%          2
e - Orb of Destruction    Conj           43%        9d12      3%          7
f - Bombard               Conj/Erth      47%        9d8       4%          6
g - Brom's Barrelling Bo  Conj/Erth      95%        2d10      1%          4
q - Fireball              Conj/Fire      53%        3d21      1%          5
r - Conjure Ball Lightni  Conj/Air       46%        3x3d16    5%          6
s - Swiftness             Air            73%        N/A       2%          3
w - Irradiate             Conj/Tmut      37%        3d24      1%          5
A - Apportation           Tloc           42%        N/A       10%         1
B - Starburst             Conj/Fire      53%        6d14      1%          6
C - Confusing Touch       Hex            55%        N/A       2%          3
Q - Fire Storm            Conj/Fire      53%        8d14      71%         9
X - Passwall              Tmut/Erth      65%        N/A       1%          2

Your spell library contained the following spells:

 Spells                   Type           Power      Damage    Failure   Level
 Magic Dart               Conj           100%       1d8       1%          1
 Sting                    Tmut/Pois      100%       1d8       1%          1
 Scorch                   Fire           100%       2d9       1%          2
 Searing Ray              Conj           100%       2d8       1%          2
 Static Discharge         Conj/Air       100%       3-8/arc   1%          2
 Wereblood                Tmut           61%        N/A       1%          2
 Dazzling Flash           Conj/Hex       100%       N/A       1%          3
 Hailstorm                Conj/Ice       80%        3d16      1%          3
 Ignite Poison            Fire/Tmut/Pois 85%        N/A       1%          3
 Inner Flame              Hex/Fire       92%        N/A       1%          3
 Mephitic Cloud           Conj/Pois/Air  83%        N/A       1%          3
 Stone Arrow              Conj/Erth      100%       3d13      1%          3
 Volatile Blastmotes      Fire/Tloc      100%       2d18      1%          3
 Flame Wave               Conj/Fire      100%       2d21      1%          4
 Fulminant Prism          Conj/Hex       36%        3d17      1%          4
 Sticky Flame             Conj/Fire      100%       2d11      1%          4
 Iskenderun's Battlesphe  Conj           86%        2d13      1%          5
 Arcjolt                  Conj/Air       46%        1d56      2%          5
 Iskenderun's Mystic Bla  Conj/Tloc      62%        2d13      3%          4
 Petrify                  Tmut/Erth      79%        N/A       3%          4
 Cigotuvi's Dreadful Rot  Necr/Pois/Air  100%       N/A       4%          2
 Airstrike                Air            36%        2d(6-22)  4%          4
 Cause Fear               Hex            27%        N/A       4%          4
 Freezing Cloud           Conj/Ice/Air   49%        6-21      6%          5
 Yara's Violent Unravell  Hex/Tmut       29%        3d12      7%          5
 Silence                  Hex/Air        36%        N/A       9%          5
 Freeze                   Ice            100%       1d10      10%         1
 Necrotise                Necr           84%        1d8       10%         1
 Summon Small Mammal      Summ           84%        N/A       10%         1
 Animate Armour           Summ/Erth      100%       N/A       11%         4
 Olgreb's Toxic Radiance  Pois           44%        N/A       11%         4
 Call Imp                 Summ           42%        N/A       12%         2
 Sublimation of Blood     Necr           21%        N/A       12%         2
 Summon Lightning Spire   Summ/Air       56%        N/A       13%         4
 Anguish                  Hex/Necr       19%        N/A       14%         4
 Frozen Ramparts          Ice            62%        1d10      21%         3
 Ozocubu's Armour         Ice            31%        N/A       21%         3
 Vampiric Draining        Necr           21%        2d7       21%         3
 Summon Mana Viper        Hex/Summ       39%        N/A       30%         5
 Eringya's Noxious Bog    Tmut/Pois      26%        4d6       36%         6
 Dispel Undead            Necr           21%        3d11      45%         4
 Manifold Assault         Tloc           21%        N/A       45%         4
 Summon Ice Beast         Ice/Summ       31%        N/A       45%         4
 Spellforged Servitor     Conj/Summ      31%        N/A       52%         7
 Lehudib's Crystal Spear  Conj/Erth      47%        10d11     52%         8
 Agony                    Necr           21%        N/A       77%         5
 Summon Forest            Summ/Tloc      10%        N/A       77%         5
 Enfeeble                 Hex            27%        N/A       80%         7
 Death Channel            Necr           10%        N/A       99%         6
 Dispersal                Tloc           10%        N/A       99%         6
 Simulacrum               Ice/Necr       15%        N/A       99%         6
 Summon Cactus Giant      Summ           10%        N/A       99%         6
 Haunt                    Necr/Summ      10%        N/A       100%        7
 Malign Gateway           Summ/Tloc      10%        N/A       100%        7
 Ozocubu's Refrigeration  Ice            15%        4d10      100%        7
 Summon Hydra             Summ           10%        N/A       100%        7
 Disjunction              Tloc           10%        N/A       100%        8
 Maxwell's Capacitive Co  Air            36%        ∞         100%        8
 Summon Horrible Things   Summ           10%        N/A       100%        8
 Dragon's Call            Summ           10%        N/A       100%        9


Dungeon Overview and Level Annotations

Branches:
Dungeon (15/15) Zot: 23369  Temple (0/1) D:7            Lair (5/5) D:11 Zot: 21510
  Swamp (4/4) Lair:2 Zot: 19507  Spider (4/4) Lair:2 Zot: 17332   Slime (5/5) Lair:5 Zot: 25500
    Orc (2/2) D:9 Zot: 8742     Elf (3/3) Orc:2 Zot: 13355  Vaults (4/5) D:13 Zot: 18321
  Crypt (0/3) Vaults:2     Depths (4/4) D:15 Zot: 16913     Zot (1/5) Depths:4 Zot: 4789
Ossuary (visited)          Bailey (visited)         Desolation (visited)

Altars:
Elyvilon
Fedhas
Gozag
Kikubaaqudgha
Qazlal
Sif Muna
Trog
Uskayaw
Wu Jian
Yredelemnul

Shops:
D:11 [   Orc:2 (((=*   Elf:1 :?   Vaults:3 [   Vaults:4 =   Depths:1 ::=
Depths:2 (([

Portals:
Hell: Depths:1 Depths:2 Depths:3 Depths:4
Abyss: Depths:2 Depths:3 Depths:4
Pandemonium: Depths:1 Depths:2 Depths:3
Ziggurat: Depths:1
Trove: D:12 (give 4 potions of resistance)

Annotations:
Vaults:1 3 runed translucent doors, Deul's ghost, adept FeBe
Zot:1 1 runed translucent door, Axujocy's ghost, master DsHu


Message History

Press: ? - help, Shift-Dir - straight line The red draconian resists with significant effort.
The green draconian monk hits you!
The green draconian monk barely misses you.
The green draconian monk tail-slaps you but does no damage.
The green draconian monk barely misses you.
The red draconian hits you with a +0 glaive.
You take 16 damage, and have 148/184 hp.
You now have 34/45 mp.
Aiming: Charm
Press: ? - help, Shift-Dir - straight line, f - green draconian monk
Aim: a green draconian monk, wearing a +1 cloak (chance to affect: 54%)
The green draconian monk resists with significant effort.
The green draconian monk hits you but does no damage.
The green draconian monk kicks you!
The green draconian monk tail-slaps you but does no damage.
The green draconian monk misses you.
The purple draconian shifter gestures wildly while chanting.
The purple draconian shifter blinks!
You take 8 damage, and have 140/184 hp.
You now have 32/45 mp.
Aiming: Charm
Press: ? - help, Shift-Dir - straight line, f/p - green draconian monk
Aim: a green draconian monk, wearing a +1 cloak (chance to affect: 54%)
The green draconian monk resists with significant effort.
A moth of wrath comes into view.
The green draconian monk misses you. The green draconian monk kicks you!
The green draconian monk completely misses you.
The green draconian monk tail-slaps you!
You are poisoned.
The green draconian monk poisons you!
The purple draconian shifter casts a spell.
The purple draconian shifter blinks!
The red draconian hits you from afar with a +0 glaive.
You take 14 damage, and have 126/184 hp.
You now have 28/45 mp.
Unknown command.
Aiming: Charm
Press: ? - help, Shift-Dir - straight line, f/p - green draconian monk
Aim: a green draconian monk, wearing a +1 cloak (chance to affect: 54%)
The green draconian monk resists with significant effort.
You feel extremely sick. The green draconian monk hits you!!
The green draconian monk kicks you.
The green draconian monk tail-slaps you but does no damage.
The green draconian monk tail-slaps you.
The purple draconian shifter gestures wildly while chanting.
The purple draconian shifter blinks!
The red draconian misses you.
You take 32 damage, and have 94/184 hp.
You now have 24/45 mp.
Aiming: Charm
Press: ? - help, Shift-Dir - straight line, f/p - green draconian monk
Aim: a green draconian monk, wearing a +1 cloak (chance to affect: 54%)
The green draconian monk is charmed.
You feel extremely sick.
You take 7 damage, and have 87/184 hp.
You swap places.
You feel very sick.
You take 4 damage, and have 83/184 hp.
You feel very sick.
The moth of wrath bites your green draconian monk!
The moth of wrath infuriates your green draconian monk!
Your green draconian monk goes berserk!
Your green draconian monk closely misses the moth of wrath.
Your green draconian monk kicks the moth of wrath!
Your green draconian monk tail-slaps the moth of wrath!!
Your green draconian monk tail-slaps the moth of wrath.
The purple draconian shifter casts a spell.
The purple draconian shifter blinks!
The purple draconian shifter breathes dispelling energy at you.
The bolt of dispelling energy hits the moth of wrath!!
The moth of wrath dies!
The bolt of dispelling energy hits your green draconian monk!!
The green draconian monk's magical effects unravel!
The bolt of dispelling energy hits you!!
Your magical contamination has completely faded away.
You take 22 damage, and have 61/184 hp.
You now have 20/45 mp.
Press: ? - help, v - describe, . - travel
Here: a green draconian monk, wearing a +1 cloak (moderately wounded, berserk)
The floor, spattered with blood.
Unknown command.
Aiming: Charm
Press: ? - help, Shift-Dir - straight line, f/p - green draconian monk
Aim: a green draconian monk, wearing a +1 cloak (moderately wounded, berserk, chance to affect: 54%)
The green draconian monk resists with significant effort.
You feel very sick.
You take 3 damage, and have 58/184 hp.
Aiming: Charm
Press: ? - help, Shift-Dir - straight line, f/p - green draconian monk
Aim: a green draconian monk, wearing a +1 cloak (moderately wounded, berserk, chance to affect: 54%)
The green draconian monk resists with significant effort.
You feel very sick. The green draconian monk hits you.
* * * LOW HITPOINT WARNING * * *
The green draconian monk kicks you!!
* * * LOW HITPOINT WARNING * * *
The green draconian monk completely misses you.
The green draconian monk tail-slaps you.
* * * LOW HITPOINT WARNING * * *
The green draconian monk hits you!!!
* * * LOW HITPOINT WARNING * * *
The green draconian monk kicks you.
You die...

#####################*********
.).).................,,,,,,,,*
#############........,******,*
..>..................,,,,,,*,*
.############.#######,*#**,*,*
.# #..........,.# *,*,* .#
#####.#...#####..# *,*,* .#
#.....########...# *,*,* .#
#.........@q.dq.># *,*,*
.###################.q.# *,*,*
..........#,,,,,*,,,,..# *,*,*
#########.#,***,*,,,,,.#**,*,*
#.#,*,,,*,,,,*,..,,*,*
#.#,*,***,**,,,,..,*,**
#.#,*,,,,,,,****,.,,,,*
#.#,*****,*,* *,*,****
#.#,*,,,,,*,* *,*,*


You could see a green draconian monk (berserk), a red draconian and 2
draconians.

Vanquished Creatures
  the Royal Jelly (Slime:5)
  Mara (Spider:3)
  A juggernaut (Depths:3)
  Bai Suzhen (Depths:2)
  the Lernaean hydra (Swamp:4)
  Saint Roka (Orc:2)
  2 caustic shrikes (Depths:2)
  Arachne (Spider:4)
  the Enchantress (Depths:4)
  Nikola (Spider:4)
  Zenata (Elf:2)
  4 tentacled monstrosities
  6 liches
  Grunn (Depths:4)
  2 deep elf blademasters (Elf:3)
  2 deep elf master archers (Elf:3)
  Asterion (Spider:4)
  A walking frostbound tome (Depths:4)
  14 acid blobs
  2 sphinxes (Depths:2)
  Kirke (Lair:5)
  A tengu reaver (Depths:1)
  3 shadow dragons (Zot:1)
  3 draconian monks
  2 storm dragons
  Aizul (Spider:3)
  6 deep elf sorcerers (Elf:3)
  Donald (Orc:2)
  8 frost giants
  4 rockslimes
  12 azure jellies
  2 imperial myrmidons (Desolation)
  A balrug (Depths:2)
  The ghost of Qighoun the Bludgeoner, a journeyman AtFi of Kikubaaqudgha (Swamp:3)
  Louise (Lair:2)
  An iron dragon (Depths:1)
  6 emperor scorpions
  3 deep elf elementalists (Elf:3)
  3 fire giants
  2 draconian scorchers (Zot:1)
  13 vault wardens
  A draconian stormcaller (Zot:1)
  7 ghost moths
  4 orc warlords
  A draconian annihilator (Zot:1)
  13 ironbound preservers
  3 draconian shifters (Zot:1)
  A war gargoyle (Vaults:3)
  13 stone giants
  2 broodmothers (Spider:4)
  16 quicksilver oozes
  7 spriggan defenders
  4 ironbound thunderhulks
  4 eleionomae
  A vampire knight (Depths:2)
  4 black draconians
  16 very ugly things
  7 deep elf demonologists
  5 formless jellyfish
  2 green draconians (Zot:1)
  6 bunyips
  13 dire elephants
  A red draconian (Zot:1)
  2 yellow draconians
  3 halazid warlocks (Desolation)
  7 white draconians (Zot:1)
  7 deep elf annihilators (Elf:3)
  9 purple draconians
  6 spark wasps
  A crystal guardian (Vaults:3)
  6 deep elf death magi
  An ettin (Depths:2)
  8 entropy weavers
  3 spriggan zombies (Depths:1)
  3 deep elf high priests
  16 hydras
  3 great orbs of eyes
  6 ragged hierophants (Desolation)
  3 jiangshi (Depths:3)
  8 yaktaur captains
  2 vault guards
  8 fire dragons
  6 rakshasas
  A catoblepas (D:15)
  5 ice dragons
  7 servants of whispers (Desolation)
  12 peacekeepers
  5 spriggan air magi
  A jorogumo (Spider:3)
  14 alligators
  8 radroaches
  10 ironbound frosthearts
  28 dancing weapons
  7 deep troll shamans
  A merfolk avatar (Swamp:3)
  7 centaur warriors
  8 boulder beetles
  6 two-headed ogres
  7 demonic crawlers
  10 deep troll earth magi
  4 tengu warriors
  4 orc high priests (Orc:2)
  3 vampire magi
  3 occultists
  A titan zombie (Vaults:3)
  6 spriggan berserkers
  A hell knight (Depths:2)
  20 deep elf knights
  15 iron trolls
  3 pharaoh ants
  A fire crab (Lair:5)
  6 glowing orange brains
  7 goliath frogs
  45 deep trolls
  11 swamp dragons
  A sun moth (Spider:2)
  13 deep elf archers
  3 flayed ghosts
  7 spriggan druids
  2 orb spiders (shapeshifter)
  A bog body (Swamp:2)
  9 orb spiders
  5 lindwurms (Vaults:1)
  8 steelbarb worms
  7 arcanists
  16 ironbound convokers
  The ghost of Dega the Nimble, a novice SpHu of Qazlal (D:7)
  34 deep elf pyromancers
  3 necromancers
  11 orc knights
  4 orc sorcerers (Orc:2)
  5 shining eyes
  38 ugly things
  29 deep elf zephyrmancers
  25 wolf spiders
  A stone giant zombie (Vaults:1)
  A tengu skeleton (Vaults:3)
  3 oklob plants (D:11)
  5 cyclopes
  3 will-o-the-wisps
  6 moths of wrath
  3 large abominations (Depths:4)
  16 elephants
  3 manticores (D:14)
  A guardian serpent (shapeshifter) (D:14)
  A moth of wrath (shapeshifter) (D:11)
  14 vault sentinels
  A guardian serpent (Desolation)
  2 smoke demons
  4 gargoyles
  4 black mambas
  7 torpor snails
  2 eyes of devastation (Slime:5)
  A storm dragon simulacrum (Depths:1)
  7 cane toads
  Maggie (D:7)
  A komodo dragon (shapeshifter) (D:13)
  5 komodo dragons
  4 rime drakes (Lair:5)
  3 unseen horrors
  2 efreet
  37 yaktaurs
  An unseen horror zombie (D:7)
  A guardian mummy (D:12)
  A human skeleton (Vaults:1)
  4 trolls
  3 bloated husks
  9 polar bears (Lair:5)
  3 meliai (D:15)
  52 saltlings (Desolation)
  21 hornets
  10 tyrant leeches
  23 tarantellas
  3 raiju (Lair:5)
  17 blink frogs
  4 glass eyes
  A snapping turtle (shapeshifter) (Vaults:1)
  44 slime creatures
  6 dream sheep (Lair:4)
  A jumping spider (shapeshifter) (D:15)
  22 culicivoras
  22 spriggans
  37 jumping spiders
  3 shadows
  5 water elementals
  3 air elementals
  2 wyverns
  6 wraiths
  A fire elemental (Elf:2)
  3 humans
  46 yaks
  13 vampire mosquitoes
  8 golden eyes
  4 basilisks
  3 steam dragons
  A yaktaur simulacrum (Vaults:1)
  3 chaos spawn (Depths:4)
  43 redbacks
  15 wargs
  8 small abominations (Depths:4)
  A warg (shapeshifter) (D:13)
  17 swamp worms
  12 hell hounds (Lair:5)
  A glowing shapeshifter zombie (Vaults:3)
  An acid dragon (D:10)
  Duvessa (D:5)
  10 water moccasins
  10 swamp drakes
  15 black bears
  40 orc warriors
  3 sky beasts
  8 ogres
  A boggart (Vaults:2)
  25 wolves
  9 centaurs
  2 phantoms
  2 kobold brigands
  16 bullfrogs
  An elf zombie (Ossuary)
  2 earth elementals
  A scorpion (D:7)
  9 wights
  Dowan (D:5)
  4 killer bees (D:9)
  4 howler monkeys
  The ghost of uhhuh the Chiller, a weakling DsIE (D:3)
  2 electric eels
  A vampire bat (Orc:1)
  A centaur zombie (D:7)
  2 hounds
  17 jellies
  Crazy Yiuf (D:3)
  A human zombie (Ossuary)
  19 orc priests
  7 iguanas
  29 orc wizards
  Natasha (thrice) (D:3)
  2 hound zombies (D:5)
  2 mummies (Ossuary)
  2 hound skeletons (D:5)
  2 gnolls
  2 howler monkey skeletons (D:5)
  4 adders
  A shadow imp (D:8)
  3 white imps
  2 ufetubi (D:7)
  2 adder zombies (Ossuary)
  An adder skeleton (D:5)
  3 worms
  2 dart slugs
  69 orcs
  4 ball pythons
  9 endoplasms
  2 giant cockroaches (D:1)
  13 goblins
  8 hobgoblins
  4 jackals (D:1)
  26 kobolds
  2 quokkas
  15 bats
  2 frilled lizards
  2 goblin zombies (Ossuary)
  8 hobgoblin zombies (Ossuary)
  2 jackal zombies (Ossuary)
  9 kobold zombies (Ossuary)
  11 orc zombies (Ossuary)
  9 rats
  A rat zombie (Ossuary)
  A butterfly (Lair:1)
1943 creatures vanquished.

Vanquished Creatures (collateral kills)
  A doom hound (Depths:4)
  A storm dragon (Depths:4)
  A fire giant (Depths:4)
  A fire dragon (Lair:5)
  A spriggan (Depths:2)
  A sun moth (Spider:1)
  An orc sorcerer (Orc:2)
  A polar bear (shapeshifter) (Depths:4)
  3 saltlings (Desolation)
  A hornet (Depths:2)
  A tarantella (Spider:1)
  A redback (Spider:1)
  A hobgoblin (D:1)
  A frilled lizard (D:1)
16 creatures vanquished.

Vanquished Creatures (others)
  A doom hound (Depths:4)
  A ragged hierophant (Desolation)
  A wolf spider (Spider:1)
  A moth of wrath (Zot:1)
  A bloated husk (Swamp:4)
  A yak (D:8)
  30 ball lightnings (Slime:5)
  8 foxfires
44 creatures vanquished.

Grand Total: 2003 creatures vanquished

Notes
Turn   | Place    | Note
-------+----------+-------------------------------------------
     0 | D:1      | EngineV8 the Human Brigand began the quest for the Orb.
     0 | D:1      | Reached XP level 1. HP: 16/16 MP: 1/1
    93 | D:1      | Found a faded altar of an unknown god.
   150 | D:1      | Reached XP level 2. HP: 23/23 MP: 2/2
   486 | D:1      | Reached XP level 3. HP: 24/29 MP: 3/3
  1167 | D:2      | Reached XP level 4. HP: 35/35 MP: 4/4
  2098 | D:3      | Found an ornate altar of the Wu Jian Council.
  2119 | D:3      | Became a worshipper of the Wu Jian Council
  2135 | D:3      | Noticed Natasha
  2148 | D:3      | Killed Natasha
  2149 | D:3      | Reached XP level 5. HP: 41/41 MP: 5/5
  2242 | D:3      | Noticed Natasha
  2259 | D:3      | Killed Natasha
  2401 | D:3      | Identified the +2 robe of a bailey {rElec Will+ Int+3}
  2475 | D:3      | Noticed Natasha
  2484 | D:3      | Killed Natasha
  2570 | D:3      | Found a runed translucent door.
  2678 | D:3      | Found a runed translucent door.
  2679 | D:3      | Noticed Crazy Yiuf
  2861 | D:3      | Identified the +5 hammer of the Lettuce {flame, *Noise
                  | rElec rCorr Str-4}
  2888 | D:3      | Noticed uhhuh's ghost (weakling DsIE)
  2924 | D:3      | Killed Crazy Yiuf
  2925 | D:3      | Reached XP level 6. HP: 48/48 MP: 6/6
  3387 | D:4      | Noticed a black bear
  3398 | D:4      | Killed a black bear
  3399 | D:4      | Reached skill level 5 in Fighting
  3399 | D:4      | Reached XP level 7. HP: 56/56 MP: 7/7
  3529 | D:4      | Reached * piety under Wu Jian
  3559 | D:5      | Entered Level 5 of the Dungeon
  3610 | D:5      | Found a sand-covered staircase.
  3639 | D:5      | Noticed Duvessa
  3655 | Ossuary  | Entered an ossuary
  3757 | Ossuary  | Reached ** piety under Wu Jian
  3781 | Ossuary  | Reached skill level 5 in Stealth
  3923 | D:5      | Noticed Dowan
  3942 | D:5      | Found a blossoming altar of Fedhas.
  3943 | D:5      | Found an ancient bone altar of Kikubaaqudgha.
  4050 | D:5      | Reached XP level 8. HP: 64/64 MP: 8/8
  4134 | D:5      | Learned a level 2 spell: Poisonous Vapours
  4448 | D:5      | Killed Duvessa
  4580 | D:5      | Reached skill level 1 in Air Magic
  4580 | D:5      | Reached skill level 1 in Poison Magic
  4621 | D:5      | Reached skill level 1 in Spellcasting
  4625 | D:5      | Found a shimmering blue altar of Sif Muna.
  4639 | D:5      | Killed Dowan
  4728 | D:6      | Found a bloodstained altar of Trog.
  4899 | D:6      | Learned a level 3 spell: Mephitic Cloud
  5065 | D:6      | Reached skill level 1 in Conjurations
  5108 | D:6      | Reached XP level 9. HP: 62/69 MP: 9/12
  5236 | D:6      | Found a white marble altar of Elyvilon.
  5707 | D:7      | Reached *** piety under Wu Jian
  5905 | D:7      | Found a staircase to the Ecumenical Temple.
  6062 | D:7      | Found a stormy altar of Qazlal.
  6077 | D:7      | Noticed Maggie
  6183 | D:7      | Reached skill level 1 in Evocations
  6183 | D:7      | Found an opulent altar of Gozag.
  6697 | D:8      | Reached XP level 10. HP: 76/76 MP: 14/14
  7079 | D:8      | Found a transporter.
  7086 | D:8      | Found a transporter.
  7359 | D:7      | Killed Maggie
  7360 | D:7      | Reached skill level 5 in Air Magic
  7360 | D:7      | Reached skill level 5 in Poison Magic
  7494 | D:7      | Found a runed translucent gate.
  7494 | D:7      | Found a runed translucent gate.
  7494 | D:7      | Found a runed translucent gate.
  7494 | D:7      | Noticed Dega's ghost (novice SpHu)
  7496 | D:7      | Found a basalt altar of Yredelemnul.
  7525 | D:7      | Reached skill level 5 in Evocations
  7586 | D:9      | Upgraded the game from 0.31-a0-996-g3b49de5 to
                  | 0.31-a0-997-g9a2f3ff
  7881 | D:9      | Found a staircase to the Orcish Mines.
  7896 | D:9      | Reached skill level 5 in Short Blades
  8646 | D:9      | Reached XP level 11. HP: 84/84 MP: 15/15
  8759 | D:9      | Found a hide-covered altar of Uskayaw.
  8912 | Bailey   | Identified the "Wifoikun"
  8912 | D:10     | Entered Level 10 of the Dungeon
  8934 | D:10     | Found a flagged portal.
  8943 | D:10     | Reached **** piety under Wu Jian
  8967 | Bailey   | Entered a bailey
  9049 | Bailey   | Noticed an orc warlord
  9049 | Bailey   | Found the +3 Elemental Staff {ele, rElec rF+ rC+ AC+3}
  9137 | Bailey   | Found a runed translucent gate.
  9139 | Bailey   | Found a runed translucent gate.
  9141 | Bailey   | Found a runed translucent gate.
  9170 | Bailey   | Reached skill level 5 in Dodging
  9392 | Bailey   | Killed an orc warlord
  9521 | Bailey   | Learned a level 3 spell: Confusing Touch
  9567 | D:10     | Identified the +6 trident "Bureul" {flame, SInv}
 10072 | D:11     | Noticed an oklob plant
 10085 | D:11     | Noticed a cyclops
 10107 | D:11     | Killed a cyclops
 10167 | D:11     | Found Fuakh's Assorted Antiques.
 10169 | D:11     | Noticed a steelbarb worm
 10197 | D:11     | a steelbarb worm changed into an orb spider
 10197 | D:11     | Noticed an orb spider (shapeshifter)
 10200 | D:11     | an orb spider changed into a moth of wrath
 10200 | D:11     | Noticed a moth of wrath (shapeshifter)
 10213 | D:11     | Killed a moth of wrath
 10214 | D:11     | Reached skill level 10 in Stealth
 10329 | D:11     | Found Vuiqat Safa's Antique Armour Shoppe.
 10337 | D:11     | Bought a pair of runed gloves for 202 gold pieces
 10567 | D:11     | Noticed a two-headed ogre
 10639 | D:11     | Killed a two-headed ogre
 10667 | D:11     | Reached skill level 5 in Spellcasting
 10760 | D:11     | Reached XP level 12. HP: 67/94 MP: 11/19
 11166 | D:11     | Found a staircase to the Lair.
 11372 | D:12     | Found a portal to a secret trove of treasure.
 11948 | D:12     | Noticed a two-headed ogre
 11952 | D:12     | Killed a two-headed ogre
 12072 | D:12     | Reached skill level 10 in Fighting
 12312 | D:12     | Noticed a two-headed ogre
 12314 | D:12     | Killed a two-headed ogre
 13652 | D:13     | Reached skill level 1 in Hexes
 13916 | D:13     | Found a gate to the Vaults.
 13929 | D:13     | Reached XP level 13. HP: 60/103 MP: 15/20
 14051 | D:13     | Noticed an ironbound thunderhulk
 14052 | D:13     | Killed an ironbound thunderhulk
 14102 | D:13     | Reached skill level 5 in Hexes
 14622 | D:14     | Noticed a centaur warrior
 14626 | D:14     | Killed a centaur warrior
 14627 | D:14     | Reached skill level 1 in Shields
 15191 | D:15     | Entered Level 15 of the Dungeon
 15379 | D:15     | Noticed a centaur warrior
 15383 | D:15     | Found a staircase to the Depths.
 15383 | D:15     | Killed a centaur warrior
 15749 | D:15     | Noticed a catoblepas
 15762 | D:15     | Killed a catoblepas
 15989 | D:15     | Noticed a centaur warrior
 15998 | D:15     | Killed a centaur warrior
 16046 | D:15     | Noticed a centaur warrior
 16061 | D:15     | Killed a centaur warrior
 16354 | D:15     | Reached XP level 14. HP: 110/110 MP: 15/21
 16596 | D:15     | Learned a level 3 spell: Inner Flame
 16734 | Orc:1    | Entered Level 1 of the Orcish Mines
 16736 | Orc:1    | Reached skill level 5 in Conjurations
 16736 | Orc:1    | Reached skill level 1 in Fire Magic
 16915 | Orc:2    | Entered Level 2 of the Orcish Mines
 17711 | Orc:1    | Reached skill level 5 in Fire Magic
 17852 | Orc:1    | Found a shimmering blue altar of Sif Muna.
 18118 | Orc:2    | Noticed Donald
 18150 | Orc:2    | Killed Donald
 18171 | Orc:2    | Noticed Saint Roka
 18197 | Orc:2    | Killed Saint Roka
 18384 | Orc:2    | Found Xiruafuc's Overcharged Wands.
 18809 | Orc:2    | Reached ***** piety under Wu Jian
 19065 | Orc:2    | Found a staircase to the Elven Halls.
 19295 | Orc:2    | Paralysed by an orc sorcerer for 2 turns
 19514 | Orc:2    | Found Existaji's Weapon Boutique.
 19518 | Orc:2    | Found Zieg Sim's Weapon Shoppe.
 19522 | Orc:2    | Found Mes Gett's Weapon Shoppe.
 19526 | Orc:2    | Found Bebludd's Jewellery Boutique.
 19591 | Orc:2    | Bought the ring "Itieb" {rF+ rN+ Str+2 SInv} for 466 gold
                  | pieces
 19646 | Orc:2    | Bought a wand of iceblast (18) for 648 gold pieces
 19646 | Orc:2    | Bought a wand of mindburst (30) for 630 gold pieces
 19652 | Orc:2    | Learned a level 5 spell: Fireball
 19909 | Lair:1   | Entered Level 1 of the Lair of Beasts
 20270 | Lair:1   | Reached XP level 15. HP: 64/115 MP: 27/27
 21110 | Lair:2   | Found a hole to the Spider Nest.
 21855 | Lair:2   | Found a staircase to the Swamp.
 22740 | Lair:3   | Acquired the ring of Piel {MP+9 Str+3 Int+5 Dex-3}
 23612 | Lair:4   | Reached skill level 10 in Fire Magic
 23903 | Lair:4   | Noticed a quicksilver ooze
 23908 | Lair:4   | Killed a quicksilver ooze
 24472 | Lair:5   | Entered Level 5 of the Lair of Beasts
 24586 | Lair:5   | Reached ****** piety under Wu Jian
 24649 | Lair:5   | Found a staircase to the Slime Pits.
 24838 | Lair:5   | Reached XP level 16. HP: 50/122 MP: 28/28
 25154 | Lair:5   | Reached XP level 17. HP: 128/128 MP: 30/30
 25244 | Lair:5   | Identified the +4 great mace of the Realm of Zot {speed,
                  | *Noise Str+3 Int+5}
 25354 | Lair:5   | Reached skill level 10 in Conjurations
 25464 | Lair:5   | Noticed Kirke
 25477 | Lair:5   | Killed Kirke
 25947 | Lair:5   | Identified the +2 gold dragon scales of the Realm of Zot
                  | {rPois rF+ rC+ Str+4 Int-3}
 25985 | Lair:5   | Identified the +9 hand axe of Uduephu {drain, Fly}
 26006 | Lair:5   | Reached skill level 10 in Spellcasting
 26806 | Lair:5   | Learned a level 5 spell: Irradiate
 26867 | Swamp:1  | Entered Level 1 of the Swamp
 26867 | Swamp:1  | Noticed Louise
 27093 | Lair:2   | Killed Louise
 27094 | Lair:2   | Reached skill level 1 in Transmutations
 27714 | Swamp:1  | Learned a level 6 spell: Starburst
 28305 | Swamp:2  | Reached skill level 5 in Transmutations
 28952 | Swamp:3  | Found a large runed translucent door.
 28954 | Swamp:3  | Found a large runed translucent door.
 28956 | Swamp:3  | Noticed Qighoun's ghost (journeyman AtFi)
 29171 | Swamp:3  | Reached XP level 18. HP: 61/134 MP: 14/32
 29786 | Swamp:4  | Entered Level 4 of the Swamp
 30046 | Swamp:4  | Found a white marble altar of Elyvilon.
 30406 | Swamp:4  | Noticed the 27-headed Lernaean hydra
 30413 | Swamp:4  | Killed the 27-headed Lernaean hydra
 30818 | Swamp:4  | Got a decaying rune of Zot
 31507 | Spider:1 | Entered Level 1 of the Spider Nest
 31999 | Spider:1 | Reached skill level 10 in Transmutations
 31999 | Spider:1 | Reached skill level 10 in Evocations
 32223 | Spider:1 | Reached XP level 19. HP: 105/140 MP: 7/33
 33237 | Spider:2 | Learned a level 7 spell: Orb of Destruction
 34358 | Spider:3 | Identified the serpent talisman of Terrible Liberty {SInv}
 34358 | Spider:3 | Noticed Aizul
 35074 | Spider:3 | Killed Aizul
 35236 | Spider:3 | Noticed Mara
 35806 | Spider:3 | Noticed EngineV8's illusion
 35823 | Spider:3 | Killed Mara
 36151 | Spider:4 | Entered Level 4 of the Spider Nest
 36314 | Spider:4 | Noticed Arachne
 36355 | Spider:4 | Noticed Nikola
 36360 | Spider:4 | Killed Nikola
 36408 | Spider:4 | Killed Arachne
 36791 | Spider:4 | Noticed Asterion
 36801 | Spider:4 | Killed Asterion
 37374 | Spider:4 | Reached XP level 20. HP: 147/147 MP: 27/36
 37741 | Spider:4 | Reached skill level 15 in Conjurations
 38141 | Spider:4 | Reached skill level 15 in Fire Magic
 38173 | Spider:4 | Got a gossamer rune of Zot
 38491 | Vaults:1 | Identified the of Tiawin
 38491 | Desolati | Identified the "Nicryllu"
 38491 | Crypt:3  | Identified the "Ciugats"
 38491 | Depths:1 | Identified the "Qusm"
 38491 | Elf:1    | Identified the "Pacs"
 38491 | Elf:1    | Entered Level 1 of the Elven Halls
 38810 | Elf:1    | Found Sobroq's Magic Scroll Emporium.
 38810 | Elf:1    | Found Ufryadw Wela's Book Shoppe.
 38818 | Elf:1    | Bought a scroll of teleportation for 39 gold pieces
 38818 | Elf:1    | Bought a scroll of teleportation for 39 gold pieces
 38818 | Elf:1    | Bought a scroll of fog for 52 gold pieces
 38818 | Elf:1    | Bought a scroll of fog for 52 gold pieces
 38824 | Elf:1    | Bought a book of Burglary for 360 gold pieces
 38827 | Elf:1    | Learned a level 2 spell: Passwall
 38830 | Elf:1    | Learned a level 2 spell: Ensorcelled Hibernation
 40222 | Elf:2    | Found a huge runed translucent gate.
 40222 | Elf:2    | Found a huge runed translucent gate.
 40222 | Elf:2    | Found a huge runed translucent gate.
 40225 | Elf:2    | Found a huge runed translucent gate.
 40233 | Elf:2    | Found a huge runed translucent gate.
 40271 | Elf:2    | Upgraded the game from 0.31-a0-997-g9a2f3ff to
                  | 0.31-a0-1001-g770356a
 40370 | Elf:2    | Noticed Zenata
 41182 | Elf:2    | Reached XP level 21. HP: 153/153 MP: 35/38
 41381 | Elf:2    | Killed Zenata
 41672 | Elf:3    | Entered Level 3 of the Elven Halls
 42522 | Elf:3    | Identified the +4 mace of Responsibility {speed, rCorr
                  | Str+3 Stlth+}
 42578 | Elf:3    | Noticed a Brimstone Fiend
 42812 | Elf:3    | Identified the +7 long sword "Dyruhioc" {heavy, +Blink}
 42834 | Elf:3    | Identified the +5 ring mail of the Accordion {Int+3}
 42841 | Elf:3    | Identified the staff of Defilement {Str+2 Earth}
 42940 | Elf:3    | Identified the +7 shortbow of Hialeitu {drain, rC++}
 43180 | Elf:3    | Identified the +5 short sword "Naon Geina" {spect, Str+3}
 43187 | Elf:3    | Identified the +2 scale mail of the Equator {Rampage rF-
                  | Str-5 Int+9}
 43573 | Vaults:1 | Entered Level 1 of the Vaults
 43804 | Vaults:1 | Identified the +9 short sword of Nightmares {freeze, +Blink
                  | rN+}
 44005 | Vaults:1 | Reached XP level 22. HP: 104/159 MP: 22/40
 44233 | Vaults:1 | Reached skill level 15 in Spellcasting
 44674 | Vaults:1 | Found a runed translucent gate.
 44674 | Vaults:1 | Found a runed translucent gate.
 44674 | Vaults:1 | Found a runed translucent gate.
 44677 | Vaults:1 | Noticed Deul's ghost (adept FeBe)
 45335 | Vaults:2 | Found a staircase to the Crypt.
 45335 | Vaults:2 | Found an ancient bone altar of Kikubaaqudgha.
 45335 | Vaults:2 | Found a basalt altar of Yredelemnul.
 46226 | Vaults:3 | Found Ehireray's Armour Shoppe.
 46260 | Vaults:3 | Found a crumbling gateway.
 46270 | Desolati | Entered the Desolation of Salt
 46655 | Desolati | Found the +1 cloak of Starlight {*Dazzle EV+4 Stlth--}
 46657 | Desolati | Identified the amulet of Linearity {Spirit Contam rElec rF-
                  | Stlth+}
 46663 | Desolati | Found the +5 demon whip "Spellbinder" {antimagic, disrupt,
                  | Will+}
 46665 | Desolati | Identified the amulet "Puuthr Qestru" {Reflect Int+5 SH+5}
 46704 | Desolati | Identified the +0 helmet "Pukes" {rPois}
 46717 | Desolati | Identified the +1 chain mail "Bon Soad" {rF+}
 46841 | Desolati | Identified the ring of Lilacs {MP+9 Dex+6}
 46946 | Desolati | Identified the +0 chain mail "Hetitz" {rN+ Will+ Dex+3
                  | Slay+2}
 47049 | Desolati | Found the +2 hat of the Bear Spirit {Spirit, Bear, *Rage
                  | Will++}
 47092 | Desolati | Identified the amulet of Zyfim {Reflect rN+++ Will+ rCorr
                  | Str-5 SH+5}
 47141 | Desolati | Identified the amulet "Biclofoi" {RegenMP Slay+3}
 47716 | Vaults:3 | Reached XP level 23. HP: 156/165 MP: 28/43
 49135 | Vaults:3 | Identified the +5 dagger "Ramoargh" {flame, rC++ Str+5}
 49261 | D:11     | Bought a runed robe for 99 gold pieces
 49871 | Vaults:4 | Reached skill level 15 in Stealth
 50238 | Vaults:4 | Found Qemeim's Jewellery Emporium.
 50610 | D:3      | Killed uhhuh's ghost
 50697 | D:7      | Killed Dega's ghost
 51424 | Depths:1 | Entered Level 1 of the Depths
 51661 | Swamp:3  | Killed Qighoun's ghost
 52132 | Depths:1 | Reached XP level 24. HP: 166/172 MP: 30/43
 52461 | Depths:1 | Found the ring of the Tortoise {AC+8}
 52587 | Depths:1 | Found a one-way gate leading to the halls of Pandemonium.
 52597 | Depths:1 | Found a gateway to Hell.
 52715 | Depths:1 | Identified the +2 scale mail of Vanity {Harm rPois Str+3
                  | Int-5 Dex+8}
 52720 | Depths:1 | Found a one-way gateway to a ziggurat.
 52944 | Depths:1 | Found Kywiprut's Jewellery Shop.
 52944 | Depths:1 | Found Echu Caf's Book Shoppe.
 52945 | Depths:1 | Found Ogussaku's Book Shoppe.
 52969 | Depths:1 | Bought a book of Power for 504 gold pieces
 52969 | Depths:1 | Bought the Octavo of the Fjord for 312 gold pieces
 52976 | Depths:1 | Learned a level 6 spell: Bombard
 53149 | Depths:1 | Reached skill level 1 in Earth Magic
 53423 | Depths:2 | Found a one-way gate to the infinite horrors of the Abyss.
 53633 | Depths:2 | Noticed Bai Suzhen
 53641 | Depths:2 | Killed Bai Suzhen
 53712 | Depths:2 | Found a flickering gateway to a bazaar.
 53803 | Bazaar   | Entered a bazaar
 53817 | Bazaar   | Found Hapotiysh's Armour Shoppe.
 53817 | Bazaar   | Found Bafy's Jewellery Emporium.
 53852 | Bazaar   | Found Yngykitt's Magic Scroll Shoppe.
 53857 | Bazaar   | Bought a scroll of teleportation for 18 gold pieces
 53857 | Bazaar   | Bought a scroll of revelation for 45 gold pieces
 53857 | Bazaar   | Bought a scroll of vulnerability for 24 gold pieces
 53857 | Bazaar   | Bought a scroll of teleportation for 18 gold pieces
 53857 | Bazaar   | Bought a scroll of immolation for 24 gold pieces
 53888 | Bazaar   | Bought a scroll of enchant armour for 45 gold pieces
 53888 | Bazaar   | Bought a scroll of summoning for 57 gold pieces
 54138 | Depths:2 | Reached skill level 5 in Earth Magic
 54527 | Depths:2 | Noticed a caustic shrike
 54536 | Depths:2 | Killed a caustic shrike
 54785 | Depths:2 | Noticed a caustic shrike
 54828 | Depths:2 | Killed a caustic shrike
 54829 | Depths:2 | Reached XP level 25. HP: 169/177 MP: 21/43
 54855 | Depths:2 | Identified the +2 shortbow "Rafuh" {flame, rCorr Int+3}
 55134 | Depths:2 | Found Gauxkevy's Antique Armour Emporium.
 55136 | Depths:2 | Found Jeatwonu's Antique Weapon Boutique.
 55138 | Depths:2 | Found Boblygor's Antique Weapon Emporium.
 55142 | Depths:2 | Bought a glimmering robe for 182 gold pieces
 55142 | Depths:2 | Identified the +2 robe of Fashionability {-Cast Harm rN+}
                  | (You bought it in a shop on level 2 of the Depths)
 55795 | Depths:3 | Identified the of Muw Ber Bic (You acquired it on level 3
                  | of the Depths)
 55795 | Depths:3 | Acquired the Catalogue of Harmful Transition
 55820 | Depths:3 | Found a stormy altar of Qazlal.
 55840 | Depths:3 | Noticed a juggernaut
 55846 | Depths:3 | Killed a juggernaut
 56169 | Depths:4 | Entered Level 4 of the Depths
 56578 | Depths:4 | Noticed Grunn
 56672 | Depths:4 | Killed Grunn
 56793 | Depths:4 | Found a gate to the Realm of Zot.
 57512 | Depths:4 | Reached skill level 10 in Earth Magic
 57521 | Depths:4 | Noticed the Enchantress
 57723 | Depths:4 | Identified the +1 leather armour of the Volcano {Int+5}
 57796 | Depths:4 | Killed the Enchantress
 58104 | Depths:4 | Found a gate to the Realm of Zot.
 58511 | Depths:4 | Learned a level 1 spell: Apportation
 58521 | Depths:4 | Learned a level 9 spell: Fire Storm
 58864 | Slime:1  | Entered Level 1 of the Pits of Slime
 58967 | Slime:1  | Learned a level 4 spell: Brom's Barrelling Boulder
 59282 | Slime:5  | Identified the "Zage"
 59282 | Slime:5  | Identified the of Ogeskez
 59282 | Slime:5  | Entered Level 5 of the Pits of Slime
 59669 | Lair:2   | Learned a level 6 spell: Conjure Ball Lightning
 59836 | Slime:5  | Reached XP level 26. HP: 184/184 MP: 31/44
 59846 | Slime:5  | Noticed the Royal Jelly
 59855 | Slime:5  | Paralysed by a formless jellyfish for 1 turns
 60197 | Slime:5  | Killed the Royal Jelly
 60202 | Slime:5  | Paralysed by a formless jellyfish for 1 turns
 60780 | Slime:5  | Got a slimy rune of Zot
 60783 | Slime:5  | Identified the staff "Oletwu Down" {rPois Earth}
 60786 | Slime:5  | Identified the staff of Ineagus {rElec rN+ Air}
 60795 | Slime:5  | Identified the +1 spear of Beogh's Anger {freeze, Contam
                  | rPois rF+}
 60798 | Slime:5  | Identified the ring of Qist {Ice Dex+2}
 60803 | Slime:5  | Identified the staff "Kykhlyokhlu" {rElec rN+ Necro}
 61372 | Zot:1    | Entered Level 1 of the Realm of Zot
 61855 | Zot:1    | Learned a level 3 spell: Swiftness
 62038 | Zot:1    | Noticed Axujocy's ghost (master DsHu)
 62041 | Zot:1    | Found a runed translucent door.
 63205 | Zot:1    | HP: 1/184 [green draconian monk[a purple draconian shifter]
                  | (32)]
 63205 | Zot:1    | Slain by a green draconian monk

Illustrated notes

Levels and vault maps discovered:
D:1:      lightli_iron_boxes, layout_basic,
          shapermc_ecumenical_altar_totnotflames, minmay_misc_feat_pillars,
          lexackson_kobold_supper
D:2:      layout_basic, hangedman_abyss_or_decor_stabs
D:3:      layout_rooms, mainiacjoe_overflow_tiny_flanked,
          ebering_ghost_reflecting_pool, minmay_puff, uniq_natasha,
          uniq_crazy_yiuf_cottage
D:4:      layout_basic, corexii_checkpoint
D:5:      layout_loops_ring, nicolae_overflow_crystal_walls,
          grunt_temple_overflow_growth_and_decay,
          mainiacjoe_ossuary_entry_find_the_door, uniq_duvessa
D:6:      layout_basic, mainiacjoe_overflow_large_starburst,
          kennysheep_cross_room
D:7:      layout_rooms, nicolae_yredelemnul_ghost_church,
          overflow_temple_1_default, marbit_many_paths,
          minmay_temple_entry_hall, kennysheep_cluttered_room,
          grunt_ministairs_13, uniq_maggie
D:8:      gammafunk_beogh_shrine, layout_loops_ring
D:9:      layout_gridville, kennysheep_mini, minmay_orc_entry_guard_dogs
D:10:     layout_basic, enter_bailey_5
D:11:     layout_irregular_city, dpeg_oklobed_lair, serial_shops,
          nicolae_shop_trees, nicolae_shop_overgrown_old_shop
D:12:     layout_stronghold, nicolae_trove_entry_path_of_doom, nooodl_orcs_dogs
D:13:     layout_roguey, hellmonk_vaults_keyhole, minmay_fountain_box,
          nicolae_sextant
D:14:     minmay_connected_triangles_in_corner, layout_small_grid,
          serial_co_window_serial, co_window_paths_a, co_window_paths_a,
          co_window_paths_b, co_window_paths_a, co_window_paths_a,
          co_window_paths_b, co_window_corner_a, co_window_unsneaky_path_e,
          co_window_broadway_c, co_window_corner_b, co_window_broadway_a
D:15:     hellmonk_depths_entry_around_the_bend, layout_small_grid,
          palyth_stone_intersect, special_room [special_room_orc],
          minmay_librarian
Lair:1:   layout_cave_pods, lemuel_fruit_fields, grunt_megastairs_2,
          lemuel_fruit_tree
Lair:2:   layout_hall_layers, alex1729_swamp_entry_worm_eleionoma,
          dummy_spider_entry, grunt_forest_large_clearings, lemuel_fruit_fields
Lair:3:   layout_cave_pods, beast_lair_carwin_2, grunt_megastairs_4
Lair:4:   layout_cellular_growth, nicolae_lair_time_for_slime
Lair:5:   guppyfry_lair_end_dragon, layout_long_grid,
          hangedman_lair_caniforms_friends, nicolae_slime_entry_slimehenge,
          uniq_kirke
Swamp:1:  layout_falls_marsh, serial_swamp_ruin, evilmike_swamp_ruin_house_5,
          evilmike_swamp_ruin_house_4, evilmike_swamp_ruin_rubble_1,
          nicolae_swamp_trees_clearing, uniq_louise
Swamp:2:  layout_basic_swamp, evilmike_swamp_ruin_house_1, swamp_pool_3
Swamp:3:  layout_basic_swamp, ebering_ghost_disaster_area,
          evilmike_swamp_ruin_house_6, swamp_pool_1_2, grunt_lady_of_the_lake
Swamp:4:  swamp_old_school, layout_basic_swamp, nicolae_swamp_godswood,
          swamp_pool_1_2
Spider:1: layout_spider_delve, nicolae_spider_solar_radiation,
          hangedman_spider_tarantella_strand
Spider:2: layout_chambers
Spider:3: layout_spider_delve, uniq_mara, uniq_aizul
Spider:4: guppyfry_spider_rune, nicolae_spider_not_touching_you, uniq_nikola,
          uniq_arachne, uniq_asterion
Slime:1:  layout_caves
Slime:2:  layout_caves
Slime:3:  layout_caves, nicolae_slime_welcoming_committee
Slime:4:  layout_caves
Slime:5:  slime_pit_nicolae_amoeboid
Orc:1:    layout_caves, roderic_batcave, kennysheep_orc_sif_temple
Orc:2:    st_orc_elflike, layout_diamond_mine, special_room, abandoned_shop,
          nicolae_shop_overcharged_wands, uniq_saint_roka, uniq_donald
Elf:1:    layout_gridlike, minmay_elf_demonology, minmay_shoptagon
Elf:2:    elven_hall_of_blades_hangedman_alternative
          [nicolae_blade_little_rooms], layout_geoelf_octagon, corner_web_ring,
          uniq_zenata
Elf:3:    grunt_elf_hall_spiral, layout_geoelf_octagon, grunt_ministairs_11
Vaults:1: gammafunk_ghost_necromancy, ontoclasm_vaults_loading_screen,
          v_misc_23, ontoclasm_vaults_hangar,
          nicolae_vaults_shipping_containers_4, grunt_vaults_hallway_long,
          ontoclasm_vaults_eye, ontoclasm_vaults_fault,
          nicolae_vaults_double_plus_2, v_misc_5, v_pattern_1,
          ontoclasm_vaults_decontamination, layout_vaults_quadrants
Vaults:2: nicolae_vaults_mitosis, grunt_vaults_hallway_long,
          nicolae_vaults_house_1, vaults_standard_mumra_x,
          nicolae_vaults_closet_pinwheel_5, vaults_mumra_lcd,
          hangedman_vaults_impose, minmay_crypt_entry_necro_gods,
          nicolae_vaults_closet_pinwheel_3, grunt_vaults_hallway_long,
          nicolae_vaults_puzzle_piece, vaults_room_semicircle,
          nicolae_vaults_little_squares_6, hangedman_vaults_snaps,
          layout_vaults_maze_bifur
Vaults:3: portal_desolation_entry_nicolae_slug, nicolae_vaults_lightning_bolt,
          nicolae_vaults_little_squares_1, hangedman_vaults_stream, v_pattern_4,
          nicolae_vaults_tetromino_L_1, grunt_vaults_twisty, st_quartered_hall,
          v_rooms_4, vaults_dpeg_hooks, vaults_dpeg_cross,
          grunt_vaults_diagonal, nicolae_vaults_border_crossing,
          nicolae_vaults_tetromino_Z_1, layout_vaults_omnibox, serial_shops,
          shop
Vaults:4: nicolae_vaults_trapezoid_3, nicolae_vaults_ring_of_whatevers,
          v_pattern_3, v_misc_2, nicolae_vaults_ring_of_whatevers,
          nicolae_vaults_house_2, nicolae_vaults_layer_cake_slice,
          hangedman_vaults_locks, v_misc_15, layout_vaults_big_room,
          serial_shops, nicolae_shop_pleasant_corner_grove
Depths:1: layout_cross, enter_ziggurat_e, serial_sigils_hangedman_gnaw,
          hell_entry, pan_entry, grunt_decor_clamped,
          minmay_guarded_unrand_tortoise, minmay_shop_grove
Depths:2: minmay_box_of_curves, layout_honeycomb, hell_entry, abyss_entry,
          serial_bayou_shore_b, serial_shops, bzr_entry_water,
          rand_demon_pan_entry_4, nicolae_wooded_promenade, uniq_bai_suzhen
Depths:3: minmay_distorted_concentric_squares, layout_basic,
          rand_demon_pan_entry_7, hell_entry, abyss_entry_small_statue_room,
          nicolae_qazlal_scattered_showers
Depths:4: evilmike_zot_entry_basic, layout_gridlike, minmay_room_of_horrors,
          pf_hell_entry_tar_spiral, small_chamber_with_monster,
          uniq_enchantress, uniq_grunn
Zot:1:    layout_basic, hellmonk_ghost_happy_afterlife,
          hangedman_zot_decor_tridents, uniq_vv

Skill      XL: |  1  2  3  4  5  6  7  8  9 10 11 12 13 14 15 16 17 18 19 20 21 22 23 24 25 26 |
---------------+-------------------------------------------------------------------------------+-----
Fighting       | 3 4 5 6 7 8 10 | 10.0
Throwing       | 3 |  3.0
Dodging        | 2 4 6 8 |  8.0
Short Blades   | 3 4 6 8 |  8.0
Stealth        | 5 6 8 10 11 12 13 15 | 15.0
Air Magic      | 3 4 5 8 |  8.2
Poison Magic   | 3 4 5 |  5.0
Spellcasting   | 2 3 5 8 9 10 12 13 14 16 17 18 | 18.3
Conjurations   | 2 3 4 5 9 11 12 14 16 17 18 19 20 | 20.6
Evocations     | 2 5 8 10 | 10.0
Hexes          | 3 8 |  8.0
Shields        | 4 |  4.0
Fire Magic     | 7 10 11 12 14 15 16 18 19 20 | 20.3
Transmutations | 6 10 | 10.0
Earth Magic    | 6 10 | 10.0

Action                     |  1- 3 |  4- 6 |  7- 9 | 10-12 | 13-15 | 16-18 | 19-21 | 22-24 | 25-27 || total
---------------------------+-------+-------+-------+-------+-------+-------+-------+-------+-------++-------
  Melee: Dagger            |    98 |    20 |       |     1 |     5 |       |    18 |    14 |       ||   156
         Rapier            |       |   149 |   454 |   743 |   813 |   182 |    82 |       |       ||  2423
         Punch             |       |     2 |     6 |     8 |       |       |       |       |       ||    16
         Staff             |       |       |       |       |    14 |    12 |    35 |    71 |    15 ||   147
         Short sword       |       |       |       |       |       |       |       |    65 |     6 ||    71
  Throw: Dart              |     3 |    14 |     1 |     5 |     1 |     2 |       |       |       ||    26
   Cast: Poisonous Vapours |       |       |    41 |   126 |   217 |    47 |   126 |     3 |     3 ||   563
         Mephitic Cloud    |       |       |       |    10 |    27 |       |       |       |       ||    37
         Confusing Touch   |       |       |       |     2 |     3 |     7 |    10 |       |       ||    22
         Inner Flame       |       |       |       |       |    84 |    44 |    26 |       |       ||   154
         Fireball          |       |       |       |       |    82 |   304 |   296 |   279 |   130 ||  1091
         Starburst         |       |       |       |       |       |    31 |   119 |   268 |   125 ||   543
         Irradiate         |       |       |       |       |       |    19 |    53 |    54 |    26 ||   152
         Orb of Destructio |       |       |       |       |       |       |    42 |    92 |    52 ||   186
         Passwall          |       |       |       |       |       |       |     1 |       |     1 ||     2
         Bombard           |       |       |       |       |       |       |       |    34 |    76 ||   110
         Brom's Barrelling |       |       |       |       |       |       |       |       |     4 ||     4
         Conjure Ball Ligh |       |       |       |       |       |       |       |       |    10 ||    10
         Swiftness         |       |       |       |       |       |       |       |       |     2 ||     2
 Invoke: Serpent's Lash    |       |       |       |    15 |    24 |     7 |    10 |     1 |     1 ||    58
Ability: Lunge             |       |     7 |    40 |    40 |    57 |    10 |    24 |    18 |     1 ||   197
         Whirlwind         |       |       |   131 |   139 |   246 |    59 |    23 |    47 |    13 ||   658
         Wall Jump         |       |       |     7 |    27 |    12 |     2 |     9 |       |     2 ||    59
  Evoke: Wand              |       |       |       |    19 |    16 |     9 |     1 |     9 |    13 ||    67
         Phial of floods   |       |       |       |       |     1 |       |     1 |     1 |     1 ||     4
         Box of beasts     |       |       |       |       |     1 |     1 |       |       |     1 ||     3
         Phantom mirror    |       |       |       |       |       |       |       |     1 |     1 ||     2
         Condenser vane    |       |       |       |       |       |       |       |     1 |     1 ||     2
    Use: Scroll            |     1 |    11 |     4 |     6 |    14 |     9 |     6 |     5 |    13 ||    69
         Potion            |       |       |       |       |     4 |     1 |     4 |     4 |     1 ||    14
   Stab: Sleeping          |     4 |     8 |    26 |    28 |    18 |     1 |    20 |     8 |     2 ||   115
         Distracted        |       |     1 |     1 |     3 |       |       |       |     1 |       ||     6
         Invisible         |       |       |       |     2 |     1 |       |       |       |     2 ||     5
         Confused          |       |       |       |     5 |    27 |     7 |    11 |       |       ||    50
 Armour: Robe              |     7 |    25 |   193 |   414 |   404 |   212 |   246 |   277 |   249 ||  2027
         Leather armour    |    40 |    71 |       |       |       |       |       |       |       ||   111
         Skin              |       |       |       |       |       |       |     2 |       |       ||     2
  Dodge: Dodged            |    40 |    73 |   225 |   468 |   528 |   208 |   168 |   209 |   147 ||  2066
  Block: Buckler           |       |       |       |       |   209 |       |       |       |       ||   209

Table legend: (Time is in decaauts)
 A = Elapsed time spent in this place.
 B = Non-inter-level travel time spent in this place.
 C = Inter-level travel time spent in this place.
 D = Time resting spent in this place.
 E = Time spent auto-exploring this place.
 F = Levels seen in this place.
 G = Mean time per level.
                   A        B        C        D        E       F      G
               +--------+--------+--------+--------+--------+-----+--------+
         Total |  63596 |  58095 |   5501 |  18129 |  23551 |  51 | 1247.0 |
       Dungeon |  18055 |  15746 |   2309 |   3031 |   7391 |  15 | 1203.7 |
          Lair |   8489 |   7164 |   1325 |   2010 |   3342 |   5 | 1697.8 |
         Swamp |   4493 |   4273 |    220 |   1502 |   1810 |   4 | 1123.2 |
   Spider Nest |   6667 |   6287 |    380 |   2877 |   1860 |   4 | 1666.8 |
    Slime Pits |   1851 |   1763 |     88 |   1018 |     83 |   5 |  370.2 |
  Orcish Mines |   3257 |   2842 |    415 |   1199 |    764 |   2 | 1628.5 |
   Elven Halls |   4644 |   4486 |    158 |   1568 |   1804 |   3 | 1548.0 |
        Vaults |   5678 |   5356 |    322 |   1355 |   2940 |   4 | 1419.5 |
        Depths |   7086 |   6808 |    278 |   2464 |   2771 |   4 | 1771.5 |
           Zot |   1209 |   1209 |      0 |    412 |    472 |   1 | 1209.0 |
        Bazaar |    157 |    157 |      0 |      0 |     52 |   1 |  157.0 |
       Ossuary |    252 |    252 |      0 |      0 |     26 |   1 |  252.0 |
        Bailey |    557 |    557 |      0 |    225 |    117 |   1 |  557.0 |
    Desolation |   1194 |   1194 |      0 |    466 |    118 |   1 | 1194.0 |
               +--------+--------+--------+--------+--------+-----+--------+

Top non-repeatable levels by time:
Depths:4: 3031 daAuts
  Lair:5: 2613 daAuts
   Orc:2: 2522 daAuts
   Elf:2: 2240 daAuts
Spider:2: 2128 daAuts
    D:12: 2078 daAuts
  Lair:2: 1968 daAuts
Spider:3: 1933 daAuts
Depths:2: 1880 daAuts
Vaults:3: 1872 daAuts
Vaults:1: 1786 daAuts
    D:11: 1730 daAuts
   Elf:3: 1557 daAuts
Spider:4: 1556 daAuts
    D:13: 1542 daAuts
